 Seeded DCSS version 0.25.1-2-g60ff931df9 (webtiles) character file.

Game seed: 302721059662478911 (custom seed)

12055 flotson the Photosynthesist (level 11, -1/84 HPs)
             Began as a Demonspawn Wanderer on Oct 11, 2020.
             Was an Elder of Fedhas.
             Slain by Harold
             ... wielding a +4 flail of holy wrath
              (35 damage)
             ... on level 1 of the Lair of Beasts.
             The game lasted 00:29:31 (15007 turns).

flotson the Photosynthesist (Demonspawn Wanderer)  Turns: 15007, Time: 00:29:32

Health: -1/84      AC: 10    Str: 28    XL:     11   Next: 57%
Magic:  16/16      EV:  7    Int: 10    God:    Fedhas [****..]
Gold:   540        SH:  0    Dex: 16    Spells: 10/10 levels left

rFire    . . .     SeeInvis .   a - +0 hand axe
rCold    . . .     Gourm    .   c - +0 kite shield
rNeg     . . .     Faith    .   w - +2 ring mail {MR+}
rPois    .         Spirit   .   (helmet restricted)
rElec    .         Reflect  .   j - +0 cloak
rCorr    .         Harm     .   (no gloves)
MR       +....                  (no boots)
Stlth    +.........             (no amulet)
HPRegen  0.24/turn              q - +6 ring of strength
MPRegen  0.15/turn              B - +6 ring of strength

@: held, studying Summonings
A: antennae 1, claws 2, hooves 2, spiny 1
a: Wall of Briars, Grow Ballistomycete, Overgrow, Renounce Religion


You were on level 1 of the Lair of Beasts.
You worshipped Fedhas.
Fedhas was greatly pleased with you.
You were not hungry.

You visited 3 branches of the dungeon, and saw 12 of its levels.
You also visited: Ossuary and Bailey.

You collected 671 gold pieces.
You spent 131 gold pieces at shops.

Inventory:

Hand Weapons
 a - a +0 hand axe (weapon)
Missiles
 l - a throwing net
 m - 7 poisoned darts (quivered)
 G - 16 javelins
Armour
 c - a +0 kite shield (worn)
 j - a +0 cloak (worn)
 w - a +2 ring mail of magic resistance (worn)
Jewellery
 q - a +6 ring of strength (left claw)
 B - a +6 ring of strength (right claw)
Wands
 x - a wand of iceblast (10)
 H - a wand of polymorph (3)
Scrolls
 f - 8 scrolls of remove curse
 g - 7 scrolls of enchant weapon
 h - 5 scrolls of teleportation
 r - 2 scrolls of immolation
 t - 2 scrolls of fog {unknown}
 u - 3 scrolls of magic mapping
 v - 2 scrolls of amnesia {unknown}
 y - 3 scrolls of blinking
 z - 3 scrolls of fear
 A - a scroll of enchant armour {unknown}
 E - 2 scrolls of noise {unknown}
 J - a scroll of brand weapon {unknown}
Potions
 b - 7 potions of curing
 e - 3 potions of might
 i - 2 potions of stabbing
 k - 2 potions of heal wounds
 n - a potion of flight
 o - a potion of cancellation
 p - 3 potions of mutation
 s - a potion of berserk rage
 D - 2 potions of haste
 F - a potion of resistance
Books
 C - a manual of Summonings
Comestibles
 d - 17 rations


   Skills:
 + Level 7.4 Fighting
 + Level 6.8 Axes
 + Level 6.6 Throwing
 + Level 7.5 Armour
 + Level 6.5 Dodging
 + Level 6.8 Shields
 + Level 7.8 Invocations


You had 10 spell levels left.
You didn't know any spells.
Your spell library contained the following spells:

 Spells                   Type           Power        Failure   Level  Hunger
 Animate Skeleton         Necr           N/A          83%         1    ##.....
 Pain                     Necr           #...         83%         1    ##.....
 Shock                    Conj/Air       #...         83%         1    ##.....
 Swiftness                Chrm/Air       #.......     93%         2    ###....
 Static Discharge         Conj/Air       #.......     99%         3    ####...
 Vampiric Draining        Necr           #.........   99%         3    ####...
 Airstrike                Air            #.........   100%        4    #####..
 Animate Dead             Necr           N/A          100%        4    #####..
 Agony                    Necr           #.......     100%        5    ######.
 Lightning Bolt           Conj/Air       #.........   100%        5    ######.


Dungeon Overview and Level Annotations

Branches:
Dungeon (10/15)            Temple (1/1) D:4            Lair (1/6) D:8
Ossuary (visited)          Bailey (visited)
    Orc: D:9-12

Altars:
Ashenzari
Cheibriados
Dithmenos
Elyvilon
Fedhas
Gozag
Hepliaklqana
Kikubaaqudgha
Makhleb
Nemelex Xobeh
Okawaru
Qazlal
Ru
Sif Muna
Trog
Uskayaw
Vehumet
Wu Jian
Xom
Yredelemnul
Zin
The Shining One

Shops:
D:4 *   D:7 =*   D:8 !

Annotations:
D:9 3 runed translucent doors, JayGee's ghost, novice MiFi
D:10 2 runed translucent doors, Morgon's ghost, journeyman TrGl
Lair:1 Harold


Innate Abilities, Weirdness & Mutations

You have a pair of small antennae on your head.
You have very sharp fingernails.
You have hoof-like feet.
You are partially covered in sharp spines.


Message History

You struggle against the net.
Harold fires a harpoon shot at you. The harpoon shot hits you!
You are yanked forward by the harpoon shot.
Harold yells, "I don't have all day!"
Harold throws a throwing net.
The throwing net hits you.
You become entangled in the net!
You see here a throwing net.
You struggle against the net.
Harold drinks a potion.
Harold seems to grow stronger.
You struggle against the net.
You struggle against the net.
Harold is struck by your spines.
Harold hits you with a +4 flail of holy wrath!!
You convulse!!
You struggle against the net.
Harold is struck by your spines. Harold hits you but does no damage.
You struggle against the net.
Harold is struck by your spines.
Harold hits you with a +4 flail of holy wrath!!
You die...
Fedhas appreciates your contribution to the ecosystem.

**+** #.....#
,,,,* #.(...#
,,,,* ##.....#
,,,,** #..(...#
,,,,,* *#.(...#
,,,,,* #####.....#
,,,,****.........#
,,,,***,,,#P...@.#
,,,,+,,,**#.....@#
,,,,*****
##.....## *,***
#......# ,,,**
###...##** *,,,**
**###<.#,* ,,,,,*
#........# ,,,,,*
#.....>..# ,,,,,*
***#........#
,,,,,*
*,..........#


You could see Harold (strong).

Vanquished Creatures
  Erolcha (D:9)
  A centaur warrior (D:10)
  Pikel (D:6)
  3 trolls
  Grinder (D:4)
  Prince Ribbit (D:6)
  3 hippogriffs
  A wraith (D:10)
  A human (D:8)
  9 yaks
  A basilisk (D:8)
  2 hungry ghosts
  A soldier ant (D:10)
  A water moccasin (Lair:1)
  A porcupine (Lair:1)
  2 black bears
  A sky beast (D:6)
  A slave (D:6)
  2 eyes of draining (D:10)
  3 ice beasts
  14 orc warriors
  7 phantoms
  2 ogres
  11 centaurs
  A crocodile (D:8)
  An elf zombie (Ossuary)
  A bullfrog (D:6)
  4 scorpions
  14 killer bees
  2 howler monkeys (D:5)
  A crimson imp (D:5)
  3 centaur zombies (Ossuary)
  A bullfrog zombie (D:7)
  3 bullfrog skeletons
  4 gnoll shamans
  3 orc priests
  A centaur skeleton (D:9)
  5 hounds
  A jelly (D:7)
  2 orc wizards (D:9)
  4 iguanas
  4 worker ants
  A big kobold zombie (Ossuary)
  2 ogre zombies (Ossuary)
  A hound zombie (D:9)
  7 mummies (Ossuary)
  A worker ant zombie (D:10)
  Robin (D:3)
  2 adders (D:2)
  35 gnolls
  A shadow imp (D:10)
  2 adder zombies (Ossuary)
  3 oozes
  2 adder skeletons
  3 worms
  3 dart slugs
  6 leopard geckos
  44 orcs
  2 ball pythons (D:1)
  10 bats
  4 giant cockroaches
  8 hobgoblins
  27 jackals
  5 kobolds
  5 quokkas
  4 frilled lizards
  15 goblins
  4 goblin zombies (Ossuary)
  3 hobgoblin zombies (Ossuary)
  A jackal zombie (D:5)
  9 kobold zombies (Ossuary)
  A leopard gecko skeleton (D:6)
  2 leopard gecko zombies
  3 quokka zombies (Ossuary)
  7 rats
  2 rat zombies (Ossuary)
  2 ballistomycete spores (D:9)
354 creatures vanquished.

Vanquished Creatures (collateral kills)
  A yak (D:9)
  30 ballistomycete spores
31 creatures vanquished.

Vanquished Creatures (others)
  4 ballistomycete spores
4 creatures vanquished.

Grand Total: 389 creatures vanquished

Notes
Turn   | Place    | Note
-------+----------+-------------------------------------------
     0 | D:1      | flotson the Demonspawn Wanderer began the quest for the
                  | Orb.
     0 | D:1      | flotson set off with the following items: a +0 hand axe, a
                  | +0 ring mail, a +0 kite shield, a ration
     0 | D:1      | Reached XP level 1. HP: 16/16 MP: 1/1
   280 | D:1      | Gained mutation: You have sharp fingernails. [demonic
                  | ancestry]
   280 | D:1      | Reached XP level 2. HP: 18/22 MP: 2/2
   947 | D:1      | Reached XP level 3. HP: 27/28 MP: 3/3
  1099 | D:2      | Reached skill level 1 in Throwing
  1218 | D:2      | Found a sparkling altar of Nemelex Xobeh.
  1231 | D:2      | Reached skill level 1 in Dodging
  1668 | D:2      | Gained mutation: You are partially covered in sharp spines.
                  | [demonic ancestry]
  1668 | D:2      | Reached XP level 4. HP: 34/34 MP: 4/4
  1797 | D:2      | Found a faded altar of an unknown god.
  2239 | D:3      | Found a shadowy altar of Dithmenos.
  2580 | D:3      | Noticed Robin
  2596 | D:3      | Killed Robin
  2596 | D:3      | Reached XP level 5. HP: 34/40 MP: 5/5
  3066 | D:4      | Found Dozelu's Assorted Antiques.
  3072 | D:4      | Found a staircase to the Ecumenical Temple.
  3095 | Temple   | Entered the Ecumenical Temple
  3235 | D:4      | Bought a scroll labeled INKUIPNAWNO for 28 gold pieces
  3235 | D:4      | Bought a scroll labeled HIL BUCIEVARAKYF for 28 gold pieces
  3235 | D:4      | Bought a golden potion for 25 gold pieces
  3503 | D:4      | Noticed an ice beast
  3530 | D:4      | Killed an ice beast
  3530 | D:4      | Gained mutation: You have very sharp fingernails. [demonic
                  | ancestry]
  3530 | D:4      | Reached XP level 6. HP: 20/47 MP: 6/6
  4015 | D:4      | Found a glowing silver altar of Zin.
  4125 | D:4      | Found an ancient bone altar of Kikubaaqudgha.
  4127 | D:4      | Found a blossoming altar of Fedhas.
  4127 | D:4      | Noticed Grinder
  4131 | D:4      | Paralysed by Grinder for 4 turns
  4138 | D:4      | Became a worshipper of Fedhas Madash
  4152 | D:4      | Killed Grinder
  4152 | D:4      | Reached XP level 7. HP: 31/52 MP: 7/7
  4818 | D:4      | Reached * piety under Fedhas
  5513 | D:4      | Reached skill level 5 in Armour
  5513 | D:4      | Reached XP level 8. HP: 60/60 MP: 8/8
  5667 | D:4      | Reached ** piety under Fedhas
  5891 | D:5      | Entered Level 5 of the Dungeon
  6386 | D:5      | Reached skill level 1 in Invocations
  7078 | D:6      | Found a snail-covered altar of Cheibriados.
  7234 | D:6      | Noticed a hippogriff
  7243 | D:6      | Killed a hippogriff
  7243 | D:6      | Gained mutation: You have large cloven feet. [demonic
                  | ancestry]
  7243 | D:6      | Reached XP level 9. HP: 57/67 MP: 9/11
  7259 | D:6      | Reached skill level 5 in Fighting
  7402 | D:6      | Noticed Pikel
  7426 | D:6      | Killed Pikel
  7553 | D:6      | Noticed Prince Ribbit
  7872 | D:6      | Found a snail-covered altar of Cheibriados.
  7882 | D:6      | Killed Prince Ribbit
  7882 | D:6      | Reached skill level 5 in Axes
  8015 | D:7      | Found Uhumonn's Jewellery Boutique.
  8017 | D:7      | Reached skill level 5 in Shields
  8286 | D:6      | Reached *** piety under Fedhas
  8327 | D:7      | Found an opulent altar of Gozag.
  8350 | D:7      | Found an ancient bone altar of Kikubaaqudgha.
  8350 | D:7      | Found Cecaohe's Wicked Wares.
  8437 | D:7      | Found a flagged portal.
  8449 | Bailey   | Entered a bailey
  8661 | Bailey   | Reached skill level 5 in Invocations
  8726 | Bailey   | Reached skill level 5 in Throwing
  8968 | Bailey   | Reached skill level 5 in Dodging
  8984 | Bailey   | Gained mutation: You have a pair of small antennae on your
                  | head. [demonic ancestry]
  8984 | Bailey   | Reached XP level 10. HP: 53/76 MP: 13/13
 10103 | D:4      | Bought 2 yellow potions for 50 gold pieces
 10605 | D:8      | Found a sand-covered staircase.
 10607 | D:8      | Found Sullacw's Distillery.
 10612 | Ossuary  | Entered an ossuary
 10732 | Ossuary  | Reached **** piety under Fedhas
 11290 | D:8      | Found a staircase to the Lair.
 12256 | D:9      | Noticed Erolcha
 12421 | D:9      | Killed Erolcha
 12531 | D:9      | Gained mutation: You have hoof-like feet. [demonic
                  | ancestry]
 12531 | D:9      | Reached XP level 11. HP: 71/83 MP: 16/16
 12780 | D:9      | Found a burning altar of Makhleb.
 13517 | D:9      | Found a runed translucent gate.
 13517 | D:9      | Found a runed translucent gate.
 13517 | D:9      | Found a runed translucent gate.
 13519 | D:9      | Noticed JayGee's ghost (novice MiFi)
 13658 | D:10     | Entered Level 10 of the Dungeon
 13663 | D:10     | Found a stormy altar of Qazlal.
 13862 | D:10     | Found a large runed translucent door.
 13862 | D:10     | Found a large runed translucent door.
 13862 | D:10     | Noticed Morgon's ghost (journeyman TrGl)
 14308 | D:10     | Noticed a centaur warrior
 14330 | D:10     | Killed a centaur warrior
 14721 | Lair:1   | Entered Level 1 of the Lair of Beasts
 14750 | Lair:1   | Noticed Harold
 15007 | Lair:1   | Slain by Harold

Illustrated notes

Levels and vault maps discovered:
D:1:      dpeg_arrival_leaves_temple_mockup, layout_loops_ring
D:2:      minmay_skewed_foursquare, layout_basic,
          chequers_ecumenical_altar_grove, minmay_strange_pillars,
          nemelex_dance_club_becter
D:3:      layout_basic, first_ration, nicolae_dithmenos_shadow_blocks,
          uniq_robin
D:4:      lemuel_castle_with_subvaults [lemuel_castle_interior_carwin_1],
          layout_basic, grunt_temple_overflow_growth_and_decay,
          lemuel_coloured_pillars_altar, minmay_temple_entry_overgrown,
          serial_shops, nicolae_shop_stone,
          hangedman_abyss_or_decor_lesser_grid, chequers_garden, uniq_grinder
D:5:      layout_gridville
D:6:      layout_loops_ring, kennysheep_slug_shrine, minmay_manual_maat,
          uniq_pikel, uniq_prince_ribbit1
D:7:      layout_rooms, kennysheep_little_box, enter_bailey_6, serial_shops,
          kennysheep_mini_moat, nicolae_evil_shop
D:8:      layout_loops_ring, david_lair_generic, serial_shops, shop,
          nicolae_ossuary_entry_monument, grunt_pizzeria, minmay_statues_item
D:9:      layout_loops_cross, makhleb_heckhound_becter,
          ebering_ghost_rock_garden, uniq_erolcha
D:10:     layout_rooms, ebering_ghost_disaster_area,
          nicolae_qazlal_general_emergency
Temple:   lightli_temple_of_artemis
Lair:1:   layout_roguey, nicolae_volcano_entry_two_sided, kennysheep_rathole,
          uniq_harold

Skill      XL: |  1  2  3  4  5  6  7  8  9 10 11 |
---------------+----------------------------------+-----
Axes           | 2 3 4 5 6 |  6.8
Shields        | 2 3 4 5 6 |  6.8
Throwing       | 1 2 3 4 5 6 |  6.6
Dodging        | 1 2 3 4 5 6 |  6.5
Armour         | 4 5 6 7 |  7.5
Fighting       | 3 4 5 6 7 |  7.4
Invocations    | 2 5 6 7 |  7.8

Action                   |  1- 3 |  4- 6 |  7- 9 | 10-12 || total
-------------------------+-------+-------+-------+-------++-------
Melee: Hand axe          |   136 |   178 |   432 |   453 ||  1199
       Kick              |       |       |    43 |   215 ||   258
Throw: Dart              |       |     3 |    50 |    37 ||    90
       Javelin           |       |       |     1 |       ||     1
Invok: Grow Ballistomyce |       |       |     1 |     5 ||     6
       Wall of Briars    |       |       |       |     2 ||     2
  Use: Potion            |       |     2 |     4 |       ||     6
       Scroll            |       |       |     7 |     9 ||    16
 Stab: Confused          |       |       |       |     2 ||     2
  Eat: Chunk             |     3 |     8 |    16 |    20 ||    47
       Ration            |       |       |       |     1 ||     1
Armor: Ring mail         |    33 |     3 |   109 |    69 ||   214
       Scale mail        |    59 |    58 |       |       ||   117
Dodge: Dodged            |    42 |    51 |   192 |   156 ||   441
Block: Kite shield       |    47 |    68 |   262 |   212 ||   589
